 Dungeon Crawl Stone Soup version 0.29-a0-617-g7a6b98fccd (webtiles) character file.

Game seed: 17374891871176548957

11 dolemite99 the Shield-Bearer (level 2, -1/25 HPs)
             Began as a Djinni Fighter on June 18, 2022.
             Slain by a hobgoblin (3 damage)
             ... on level 1 of the Dungeon.
             The game lasted 00:00:18 (291 turns).

dolemite99 the Shield-Bearer (Djinni Fighter)        Turns: 291, Time: 00:00:19

Health: -1/25      AC:  6    Str: 15    XL:     2   Next: 40%
Gold:   4          EV:  8    Int:  9    God:
                   SH:  4    Dex: 12

rFire   + + .      SeeInvis .   a - +0 long sword
rCold   x . .      Faith    .   c - +0 buckler
rNeg    . . .      Spirit   .   b - +0 scale mail
rPois   ∞          Reflect  .   (no helmet)
rElec   .          Harm     .   (no cloak)
rCorr   .          Rampage  .   (no gloves)
Will    .....                   (boots unavailable)
Stlth   ..........              (no amulet)
HPRegen 0.08/turn               (no ring)
MPRegen 0.00/turn               (no ring)

@: flying
A: sickness immunity, fire resistance 2, cold vulnerability 1, float, innate
caster, HP casting, extra vitality 1
a: no special abilities


You were on level 1 of the Dungeon.
You visited 1 branch of the dungeon, and saw 1 of its levels.

You collected 4 gold pieces.

Inventory:

Hand Weapons
 a - a +0 long sword (weapon)
Armour
 b - a +0 scale mail (worn)
 c - a +0 buckler (worn)
Scrolls
 e - a scroll of noise {unknown}
 g - a scroll of identify {unknown}
Potions
 d - a potion of might
 f - a potion of mutation {unknown}


   Skills:
 - Level 3.0 Fighting
 + Level 2.6 Long Blades
 - Level 3.0 Armour
 - Level 3.0 Shields


You had one spell level left.
You didn't know any spells.
Your spell library was empty.

Dungeon Overview and Level Annotations

Branches:
Dungeon (1/15)

Altars:


Innate Abilities, Weirdness & Mutations

You are immune to sickness and miasma.
You are immune to poison.
Your flesh is very heat resistant. (rF++)
You are vulnerable to cold. (rC-)
You float through the air rather than walking.
You learn spells naturally, not from books.
Your magical power is your life essence.
You have superior vitality. (+4 MHP)


Message History

You hit the kobold but do no damage.
The kobold is severely wounded.
You block the kobold's attack.
The kobold hits you with a +0 short sword.
You are too injured to fight recklessly!
You completely miss the kobold.
The kobold is severely wounded.
The kobold hits you but does no damage.
You closely miss the kobold.
The kobold is severely wounded.
You block the kobold's attack.
You are too injured to fight recklessly!
You slash the kobold!
You kill the kobold!
You hit the goblin.
The goblin is severely wounded.
The goblin hits you but does no damage. x2
You barely miss the goblin.
The goblin is severely wounded.
You block the goblin's attack.
You barely miss the goblin.
The goblin is severely wounded.
The goblin hits you but does no damage.
You hit the goblin.
You kill the goblin!
The hobgoblin hits you but does no damage.
You barely miss the hobgoblin.
The hobgoblin hits you but does no damage.
You hit the hobgoblin but do no damage. The hobgoblin hits you.
You closely miss the hobgoblin. The hobgoblin misses you.
You barely miss the hobgoblin.
The hobgoblin hits you but does no damage. x2
You completely miss the hobgoblin. The hobgoblin hits you.
* * * LOW HITPOINT WARNING * * *
You hit the hobgoblin but do no damage. You block the hobgoblin's attack.
You hit the hobgoblin but do no damage. The hobgoblin hits you.
* * * LOW HITPOINT WARNING * * *
The hobgoblin barely misses you.
You barely miss the hobgoblin. The hobgoblin hits you.
You die...

.. ..#?.......#.##
#.....#..........##
#...#.#............
#..#..#..?.........
#..#..#.....$......
#...##..#.(...#....
#.......##...##....
######.###...)...###....
#......@g..####### ##...
#.##.####### #... #...
#... #.## #.# #.# #.#
#.#


You could see a hobgoblin.

Vanquished Creatures
  2 goblins (D:1)
  A hobgoblin (D:1)
  2 jackals (D:1)
  3 kobolds (D:1)
  A frilled lizard (D:1)
9 creatures vanquished.

Notes
Turn   | Place    | Note
-------+----------+-------------------------------------------
     0 | D:1      | dolemite99 the Djinni Fighter began the quest for the Orb.
     0 | D:1      | Reached XP level 1. HP: 20/20 MP: 0/0
   258 | D:1      | Reached XP level 2. HP: 25/25 MP: 0/0
   291 | D:1      | Slain by a hobgoblin

Illustrated notes

Levels and vault maps discovered:
D:1:      lightli_arrival_statuegarden, layout_loops_ring, minmay_curled_crystal

Skill      XL: |  1 |
---------------+----+-----
Long Blades    | 2 |  2.6
Fighting       | |  3.0
Armour         | |  3.0
Shields        | |  3.0

Action                   || total
-------------------------++-------
Melee: Long sword        ||    44
Armor: Scale mail        ||    22
Dodge: Dodged            ||    15
Block: Buckler           ||    10

Table legend: (Time is in decaauts)
 A = Elapsed time spent in this place.
 B = Non-inter-level travel time spent in this place.
 C = Inter-level travel time spent in this place.
 D = Time resting spent in this place.
 E = Time spent auto-exploring this place.
 F = Levels seen in this place.
 G = Mean time per level.
                   A        B        C        D        E       F      G
               +--------+--------+--------+--------+--------+-----+--------+
         Total |    305 |    305 |      0 |    119 |     90 |   1 |  305.0 |
       Dungeon |    305 |    305 |      0 |    119 |     90 |   1 |  305.0 |
               +--------+--------+--------+--------+--------+-----+--------+

Top non-repeatable levels by time:
     D:1: 305 daAuts
